 Dungeon Crawl Stone Soup version 0.22-a0-40-g3d2f077 (webtiles) character file.

8074 Gorglomux the Cleaver (level 11, -4/101 HPs)
             Began as a Hill Orc Monk on Jan 4, 2018.
             Was a High Priest of Beogh.
             Slain by an ettin simulacrum (22 damage)
             ... on level 2 of the Abyss.
             The game lasted 00:19:43 (8774 turns).

Gorglomux the Cleaver (Hill Orc Monk)               Turns: 8774, Time: 00:19:44

Health: -4/101     AC: 12    Str: 28    XL:     11   Next: 25%
Magic:  0/18       EV: 12    Int: 14    God:    Beogh [*****.]
Gold:   564        SH:  5    Dex: 13    Spells: 10/10 levels left

rFire    + . .     SeeInvis .   p - +1 hand axe (venom)
rCold    . . .     Gourm    .   L - +0 buckler
rNeg     . . .     Faith    .   N - +3 ring mail "Optodgh" {Str+5}
rPois    .         Spirit   +   (helmet restricted)
rElec    .         Reflect  .   (no cloak)
rCorr    .         Harm     .   r - +1 pair of gloves
MR       +....                  (no boots)
Stlth    +.........             v - amulet of guardian spirit
HPRegen  0.26/turn              m - ring of protection from magic
MPRegen  0.16/turn              f - ring of protection from fire

@: mighty
A: walk on water, antennae 1, clever 2
a: Smiting, Recall Orcish Followers, Give Item to Named Follower, Renounce
Religion


You were on level 2 of the Abyss.
You worshipped Beogh.
Beogh was extremely pleased with you.
You were not hungry.

You visited 1 branch of the dungeon, and saw 10 of its levels.
You visited the Abyss 1 time.
You also visited: Sewer.

You collected 590 gold pieces.
You spent 26 gold pieces at shops.

Inventory:

Hand Weapons
 p - a +1 hand axe of venom (weapon)
Armour
 r - a +1 pair of gloves (worn)
 L - a +0 buckler (worn)
 N - the +3 ring mail "Optodgh" (worn) {Str+5}
   (You found it on level 7 of the Dungeon)

   It affects your strength (+5).
 Y - a +0 chain mail
Jewellery
 d - a +5 ring of strength
 f - a ring of protection from fire (right hand)
 m - a ring of protection from magic (left hand)
 t - a cursed ring of teleportation
 v - an amulet of guardian spirit (around neck)
 R - an uncursed amulet of rage {unknown}
 V - an uncursed ring of protection from magic
Wands
 y - a wand of flame (21)
 A - a wand of acid (3)
 I - a wand of iceblast (14)
 U - a wand of polymorph (12)
Scrolls
 g - 5 scrolls of remove curse
 n - a scroll of immolation
 q - 3 scrolls of fear
 x - 2 scrolls of fog
 B - 2 scrolls of blinking
 M - 4 scrolls of magic mapping
 O - a scroll of enchant weapon
 T - 2 scrolls of teleportation
 W - a scroll of amnesia
Potions
 s - 2 potions of heal wounds
 G - a potion of berserk rage {unknown}
 P - a potion of flight
 Q - 12 potions of curing
 S - a potion of agility
 X - a potion of magic
 Z - 2 potions of haste
Books
 J - a book of Geomancy

   Spells                             Type                      Level
   a - Sandblast                      Earth                        1
   b - Passwall                       Transmutation/Earth          2
   c - Stone Arrow                    Conjuration/Earth            3
   d - Petrify                        Transmutation/Earth          4
   e - Lee's Rapid Deconstruction     Earth                        5
Comestibles
 c - 19 rations
 K - 6 chunks of flesh


   Skills:
 + Level 10.5 Fighting
 + Level 11.3 Axes
 + Level 9.1 Armour
 - Level 2.4 Dodging
 - Level 1.5 Stealth
 - Level 5.4 Shields
 + Level 10.1 Invocations


You had 10 spell levels left.
You didn't know any spells.

Dungeon Overview and Level Annotations

Branches:
Dungeon (10/15)            Temple (0/1) D:4            Lair (0/6) D:9
    Orc: D:9-12

Altars:
Cheibriados
Elyvilon
Makhleb
Nemelex Xobeh
Qazlal
Sif Muna
Vehumet
Xom
The Shining One

Shops:
D:5 *   D:6 %   D:10 %

Annotations:
D:5 Torax's ghost, novice OpTm
D:10 Erolcha


Innate Abilities, Weirdness & Mutations

You can walk on water.
You have a pair of small antennae on your head.
Your mind is very acute. (Int +4)


Message History

Evoke which item? (* to show all) (? for menu, Esc to quit)
Aiming: Corrosive Bolt
Press: ? - help, Shift-Dir - butt line, f - starspawn tentacle segment, p - tentacled starspawn Butt: a starspawn tentacle segment The bolt of acid hits the ettin simulacrum!
The ettin simulacrum is splashed with acid!
The acid corrodes the ettin butt!!!
The ettin simulacrum is severely damaged!
The bolt of acid hits the starspawn tentacle!
The starspawn tentacle is splashed with acid!
The acid corrodes the starspawn tentacle!!!
The starspawn tentacle is butt-ly damaged!
The bolt of acid hits the tentacled starspawn!
The tentacled starspawn is splashed with acid!
The tentacled starspawn is heavily damaged!
The ettin simulacrum closely misses you!
The ettin simulacrum hits you!!!!!! * * * butt't die
* * * The ettin simulacrum butts you!!!!!! rip

.# #. .#
##.##.## .. .
#... ..#
x#...
##..##.#....#
#....#─.X #
#. #..X#.#.#
. ###w####
#...##Z#..#
#...#@#..#
#...###..# #
## .#..#.# .
##...##....
##...####. #
#..# . # #
...##..# # ..
## . # #


You could see a tentacled starspawn, a starspawn tentacle and an ettin
simulacrum.

Vanquished Creatures
  3 two-headed ogres
  Pikel (D:7)
  An ice devil (Abyss:2)
  Sigmund (D:6)
  A yak (D:9)
  2 hogs (D:9)
  A wyvern (D:10)
  A steam dragon (D:8)
  A large abomination (Abyss:2)
  A phantom (D:5)
  2 ice beasts (D:5)
  A centaur (D:6)
  A big kobold (D:9)
  4 bullfrogs
  A scorpion (D:5)
  A small abomination (Abyss:2)
  3 howler monkeys
  A wight (D:8)
  A crimson imp (D:5)
  5 hounds
  A bullfrog skeleton (D:5)
  A centaur skeleton (D:9)
  A jelly (D:9)
  7 orc wizards
  3 iguanas
  3 worker ants (D:6)
  A hound skeleton (D:2)
  4 gnolls (D:4)
  12 adders
  4 river rats (Sewer)
  4 shadow imps
  4 oozes
  An adder skeleton (D:7)
  2 worms
  4 dart slugs
  5 leopard geckos
  18 orcs
  8 bats
  9 giant cockroaches
  3 goblins
  4 hobgoblins
  12 jackals
  5 quokkas
  14 ball pythons
  9 frilled lizards
  11 kobolds
  A leopard gecko skeleton (D:4)
  30 rats
214 creatures vanquished.

Vanquished Creatures (collateral kills)
  Snorg (D:10)
  A hornet (D:9)
  10 yaks (D:9)
  2 wyverns
  2 hogs (D:9)
  A human (D:9)
  A hungry ghost (D:10)
  An orc warrior (D:8)
  An ogre (D:9)
  A sky beast (D:9)
  An ice beast (D:7)
  2 centaurs
  2 bullfrogs
  A wyvern zombie (D:9)
  3 wights (D:8)
  A howler monkey (D:9)
  A jelly (D:7)
  A hound (D:8)
  A worker ant (D:7)
  An adder (D:9)
  2 shadow imps
  A dart slug (D:6)
  2 orcs
  A kobold (D:9)
  A bush (D:9)
42 creatures vanquished.

Vanquished Creatures (others)
  A phantom (D:6)
  An ogre (D:6)
  An orc wizard (D:6)
  A worker ant (D:4)
  8 orcs
  A hound skeleton (D:4)
  2 adders
  An ooze (D:3)
  A leopard gecko (D:4)
  A hobgoblin (D:3)
  2 jackals
  A starspawn tentacle (Abyss:2)
21 creatures vanquished.

Grand Total: 277 creatures vanquished

Notes
Turn   | Place    | Note
-------+----------+-------------------------------------------
     0 | D:1      | Gorglomux the Hill Orc Monk began the quest for the Orb.
     0 | D:1      | Reached XP level 1. HP: 19/19 MP: 1/1
    46 | D:1      | Reached skill level 1 in Armour
    46 | D:1      | Reached XP level 2. HP: 21/27 MP: 2/2
   614 | D:1      | Reached XP level 3. HP: 32/33 MP: 3/3
  1387 | D:2      | Reached XP level 4. HP: 28/41 MP: 4/4
  1450 | D:2      | Reached skill level 5 in Axes
  1598 | D:3      | Became a worshipper of Beogh the Brigand
  1598 | D:3      | Reached * piety under Beogh
  1598 | D:3      | Reached ** piety under Beogh
  1731 | D:3      | Reached XP level 5. HP: 36/47 MP: 5/5
  2435 | D:3      | Found a radiant altar of Vehumet.
  2758 | D:4      | Reached skill level 1 in Invocations
  2759 | D:4      | Reached skill level 3 in Armour
  2830 | D:4      | Found a white marble altar of Elyvilon.
  2863 | D:4      | Reached XP level 6. HP: 34/56 MP: 7/7
  2888 | D:4      | Found a glowing drain.
  2897 | D:4      | Reached *** piety under Beogh
  2994 | Sewer    | Entered a sewer
  3067 | Sewer    | Reached skill level 6 in Axes
  3167 | Sewer    | Reached **** piety under Beogh
  3230 | Sewer    | Reached skill level 3 in Invocations
  3231 | Sewer    | Reached XP level 7. HP: 62/62 MP: 4/9
  3477 | D:4      | Reached skill level 6 in Fighting
  3751 | D:4      | Found a staircase to the Ecumenical Temple.
  3873 | D:5      | Entered Level 5 of the Dungeon
  3969 | D:5      | Found a sparkling altar of Nemelex Xobeh.
  4168 | D:5      | Noticed Torax's ghost (novice OpTm)
  4194 | D:5      | Gained mutation: Your mind is acute. (Int +2) [potion of mutation]
  4194 | D:5      | Gained mutation: Your mind is very acute. (Int +4) [potion of mutation]
  4194 | D:5      | Gained mutation: You have a pair of small antennae on your head. [potion of mutation]
  4533 | D:5      | Reached skill level 7 in Axes
  4566 | D:5      | Reached XP level 8. HP: 58/71 MP: 8/11
  4577 | D:5      | Found Linail's General Store.
  4608 | D:5      | Bought a scroll of identify for 26 gold pieces
  4919 | D:5      | Found a faded altar of an unknown god.
  4919 | D:5      | Found a burning altar of Makhleb.
  4924 | D:5      | Found a deep blue altar of Sif Muna.
  4926 | D:5      | Found a faded altar of an unknown god.
  4927 | D:5      | Found a stormy altar of Qazlal.
  5167 | D:6      | Found a snail-covered altar of Cheibriados.
  5221 | D:6      | Reached skill level 8 in Axes
  5335 | D:6      | Found a glowing golden altar of the Shining One.
  5355 | D:6      | Noticed Sigmund
  5369 | D:6      | Killed Sigmund
  5369 | D:6      | Reached ***** piety under Beogh
  5369 | D:6      | Reached skill level 6 in Armour
  5369 | D:6      | Reached skill level 6 in Invocations
  5370 | D:6      | Found Jueleo's Food Shoppe.
  5521 | D:6      | Found a shimmering altar of Xom.
  5850 | D:7      | Noticed Pikel
  5869 | D:7      | Killed Pikel
  5869 | D:7      | Reached XP level 9. HP: 77/81 MP: 12/14
  6028 | D:7      | Reached skill level 9 in Axes
  6037 | D:7      | Gained Spirok as an ally
  6293 | D:7      | Got an emerald-encrusted ring mail
  6304 | D:7      | Identified the +3 ring mail "Optodgh" {Str+5} (You found it on level 7 of the Dungeon)
  6569 | D:8      | Noticed a two-headed ogre
  6715 | D:8      | Killed a two-headed ogre
  6973 | D:8      | Reached skill level 9 in Fighting
  7022 | D:8      | Reached skill level 1 in Shields
  7338 | D:9      | Noticed a two-headed ogre
  7343 | D:9      | Reached XP level 10. HP: 91/91 MP: 16/16
  7357 | D:9      | Reached skill level 3 in Shields
  7361 | D:9      | Killed a two-headed ogre
  7531 | D:9      | Found a staircase to the Lair.
  7545 | D:9      | Reached skill level 10 in Axes
  7710 | D:9      | Reached skill level 9 in Invocations
  8176 | D:10     | Entered Level 10 of the Dungeon
  8216 | D:10     | Noticed a two-headed ogre
  8230 | D:10     | Killed a two-headed ogre
  8230 | D:10     | Reached skill level 11 in Axes
  8230 | D:10     | Reached XP level 11. HP: 66/99 MP: 12/18
  8245 | D:10     | Noticed Snorg
  8252 | D:10     | Killed Snorg
  8252 | D:10     | Reached skill level 9 in Armour
  8445 | D:10     | Found Inkohunke's Food Emporium.
  8632 | D:10     | Noticed Erolcha
  8633 | D:10     | Cast into level 2 of the Abyss (Erolcha)
  8736 | Abyss:2  | HP: 2/101 [large abomination (27)]
  8742 | Abyss:2  | HP: 4/101 [large abomination (19)]
  8769 | Abyss:2  | Noticed a tentacled starspawn
  8774 | Abyss:2  | Slain by an ettin simulacrum

Vault maps used:
D:1:      shiori_arrival_elements, kennysheep_nondescript
D:3:      vehumet_crystals, minmay_misc_feat_iff, grunt_decor_fettered
D:4:      kennysheep_mini, minmay_temple_entry_mist, gup_sewer_entry_pipe,
          first_ration
D:5:      nemelex_xobeh_ov_fountains_minmay,
          chequers_temple_overflow_minitemple, serial_shops, shop_statue
D:6:      lemuel_crystal_altar, xom_confusion_cloud, serial_shops,
          shop_fountains, kennysheep_slug_shrine, uniq_sigmund
D:7:      uniq_pikel
D:9:      lair_entry_dummy, grunt_livestock, kb_lookout_dungeons_type
D:10:     serial_shops, shop, nicolae_shop_stone, uniq_snorg, uniq_erolcha
Abyss:2:  hangedman_cross_veins
Sewer:    sewer_minmay_w

Skill      XL: |  1  2  3  4  5  6  7  8  9 10 11 |
---------------+----------------------------------+-----
Armour         | 1 2 3 4 6 7 8 9 |  9.1
Fighting       | 4 5 6 8 9 10 | 10.5
Axes           | 5 6 7 8 9 11 | 11.3
Invocations    | 1 3 4 6 8 9 10 | 10.1
Shields        | 2 5 |  5.4
Dodging        | |  2.4
Stealth        | |  1.5

Action                   |  1- 3 |  4- 6 |  7- 9 | 10-12 || total
-------------------------+-------+-------+-------+-------++-------
Melee: Hand axe          |   114 |   180 |   341 |   159 ||   794
Invok: Convert to Beogh  |       |     1 |       |       ||     1
       Recall Orcish Fol |       |       |     2 |     2 ||     4
       Give Item to Name |       |       |     1 |       ||     1
       Stop Recall       |       |       |       |     2 ||     2
       Smiting           |       |       |       |     4 ||     4
Evoke: Wand              |       |       |       |     5 ||     5
  Use: Potion            |       |     4 |     3 |     4 ||    11
       Scroll            |       |     1 |    18 |     1 ||    20
 Stab: Sleeping          |     6 |     2 |     1 |       ||     9
       Distracted        |       |       |     1 |     1 ||     2
  Eat: Chunk             |     2 |     6 |     6 |     4 ||    18
       Ration            |       |       |     2 |     1 ||     3
Armor: Robe              |     8 |       |       |       ||     8
       Ring mail         |    20 |    64 |    57 |    42 ||   183
       Skin              |       |    31 |     4 |       ||    35
       Chain mail        |       |       |    85 |       ||    85
Dodge: Dodged            |    60 |   112 |   139 |    69 ||   380
Block: Buckler           |       |       |     6 |    36 ||    42

Table legend:
 A = Spawn XP
 B = Non-spawn XP
 C = Spawn XP percentage of total XP
 D = Spawn monster count
 E = Non-spawn monster count
 F = Spawn count percentage of total count
 G = Total turns spent on level
                    A         B        C        D         E        F      G
               +---------+---------+-------+---------+---------+-------+---------
         Total |     217 |   11318 |   1.9 |       2 |     252 |   0.8 |  8774
               +---------+---------+-------+---------+---------+-------+---------
           D:1 |       0 |      36 |   0.0 |       0 |      18 |   0.0 |   968
           D:2 |       0 |      60 |   0.0 |       0 |      23 |   0.0 |   625
           D:3 |       0 |     126 |   0.0 |       0 |      28 |   0.0 |  1156
           D:4 |       0 |     266 |   0.0 |       0 |      22 |   0.0 |   771
           D:5 |       0 |     640 |   0.0 |       0 |      19 |   0.0 |  1080
           D:6 |       0 |     820 |   0.0 |       0 |      16 |   0.0 |   784
           D:7 |       0 |    1023 |   0.0 |       0 |       9 |   0.0 |   953
           D:8 |       0 |    1268 |   0.0 |       0 |      17 |   0.0 |   618
           D:9 |       0 |    4312 |   0.0 |       0 |      44 |   0.0 |   868
          D:10 |       0 |    2082 |   0.0 |       0 |       7 |   0.0 |   457
       Abyss:2 |     217 |     341 |  38.9 |       2 |       1 |  66.7 |   141
         Sewer |       0 |     344 |   0.0 |       0 |      48 |   0.0 |   353
               +---------+---------+-------+---------+---------+-------+---------
